 Dungeon Crawl Stone Soup version 0.30.0-11-gf55b779eaf (webtiles) character file.

Game seed: 12696486525957753235

3614 safid the Frost Mage (level 10, -3/79 HPs)
             Began as a Merfolk Ice Elementalist on May 16, 2023.
             Slain by a vampire (8 damage)
             ... on level 7 of the Dungeon.
             The game lasted 00:14:00 (8241 turns).

safid the Frost Mage (Merfolk Ice Elementalist)     Turns: 8241, Time: 00:14:00

Health: -3/79      AC: 11    Str:  9    XL:     10   Next: 11%
Magic:  16/20      EV: 14    Int: 21    God:
Gold:   654        SH:  0    Dex: 18    Spells: 10/22 levels left

rFire   . . .        o - +2 dagger (holy)
rCold   . . .        (no shield)
rNeg    . . .        a - +0 robe
rPois   .            u - +1 helmet
rElec   .            (no cloak)
rCorr   .            (no gloves)
SInv    +            z - +2 pair of boots of Gestures {Int+3 Dex+3}
Will    .....        (no amulet)
Stlth   ++           j - ring of see invisible
HPRegen 0.33/turn    e - +4 ring of protection
MPRegen 0.17/turn

%: no passive effects
@: about to teleport, freezing walls
A: (nimble swimmer 2), mertail
a: no special abilities


You were on level 7 of the Dungeon.
You visited 1 branch of the dungeon, and saw 7 of its levels.
You also visited: Ossuary.

You collected 654 gold pieces.

Inventory:

Hand Weapons
 o - a +2 dagger of holy wrath (weapon)
 K - a +2 spear of freezing
Missiles
 E - a throwing net
Armour
 a - a +0 robe (worn)
 u - a +1 helmet (worn)
 z - the +2 pair of boots of Gestures (worn) {Int+3 Dex+3}
   (You found it on level 5 of the Dungeon)

   Int:       It affects your intelligence (+3).
   Dex:       It affects your dexterity (+3).
Jewellery
 e - a +4 ring of protection (right hand)
 j - a ring of see invisible (left hand)
 p - a ring of magical power
Wands
 A - a wand of digging (9)
 H - a wand of light (1)
 I - a wand of iceblast (7)
 J - a wand of polymorph (3)
Scrolls
 c - 2 scrolls of torment
 d - 4 scrolls of teleportation
 i - 2 scrolls of enchant armour
 k - a scroll of silence {unknown}
 m - 2 scrolls of fog
 n - a scroll of blinking {unknown}
 q - a scroll of magic mapping
 s - a scroll of acquirement {unknown}
 v - a scroll of vulnerability {unknown}
 w - 2 scrolls of amnesia
 B - a scroll of summoning
 C - 2 scrolls of fear {unknown}
 F - a scroll of enchant weapon {unknown}
Potions
 b - 4 potions of magic
 f - 2 potions of curing
 g - a potion of brilliance {unknown}
 h - 3 potions of mutation {unknown}
 l - 2 potions of invisibility {unknown}
 r - a potion of attraction {unknown}
 t - 2 potions of heal wounds {unknown}
 x - a potion of resistance {unknown}
 D - 3 potions of degeneration {unknown}
 G - a potion of ambrosia {unknown}


   Skills:
 + Level 7.4 Fighting
 - Level 4.0 Dodging
 - Level 2.1 Stealth
 + Level 6.7 Spellcasting
 - Level 4.0 Conjurations
 + Level 6.5 Transmutations
 + Level 8.8 Ice Magic


You had 10 spell levels left.
You knew the following spells:

 Your Spells              Type           Power      Damage    Failure   Level
a - Freeze                Ice            100%       1d10      1%          1
b - Frozen Ramparts       Ice            88%        1d14      1%          3
c - Ozocubu's Armour      Ice            44%        N/A       1%          3
d - Irradiate             Conj/Tmut      14%        3d16      28%         5

Your spell library contained the following spells:

 Spells                   Type           Power      Damage    Failure   Level
 Apportation              Tloc           14%        N/A       9%          1
 Summon Small Mammal      Summ           28%        N/A       9%          1
 Sublimation of Blood     Necr           7%         N/A       14%         2
 Summon Ice Beast         Ice/Summ       25%        N/A       14%         4
 Petrify                  Tmut/Erth      20%        N/A       24%         4
 Call Canine Familiar     Summ           7%         N/A       26%         3
 Summon Guardian Golem    Hex/Summ       7%         N/A       26%         3
 Alistair's Intoxication  Tmut/Pois      13%        N/A       54%         5
 Ozocubu's Refrigeration  Ice            22%        4d12      90%         7
 Orb of Destruction       Conj           11%        9d6       100%        7
 Spellforged Servitor     Conj/Summ      7%         N/A       100%        7


Dungeon Overview and Level Annotations

Branches:
Dungeon (7/15)            Ossuary (visited)
 Temple: D:4-7

Altars:
Cheibriados
Dithmenos
Elyvilon
Hepliaklqana
Zin
The Shining One

Annotations:
D:6 1 runed translucent door, Crazy Yiuf


Innate Abilities, Weirdness & Mutations

((You are very nimble when in or above water. (Stealth+, EV+, Speed+++)))
Your lower body shifts to a powerful aquatic tail in water.


Message History

You hit the vampire but do no damage.
The vampire is heavily damaged.
The vampire resists.
The wall freezes the vampire.
The vampire hits you but does no damage.
The vampire bites you!
The vampire draws strength from your injuries!
You completely miss the vampire.
The vampire is moderately damaged.
The vampire resists.
The wall freezes the vampire.
The vampire closely misses you. The vampire bites you.
* * * LOW HITPOINT WARNING * * *
The vampire draws strength from your injuries!
You hit the vampire but do no damage. Your punch misses the vampire.
The vampire is moderately damaged.
Your icy armour evaporates.
The vampire resists.
The wall freezes the vampire.
The vampire hits you!
* * * LOW HITPOINT WARNING * * *
The vampire bites you!
* * * LOW HITPOINT WARNING * * *
The vampire draws strength from your injuries!
Unknown command.
As you read the scroll of teleportation, it crumbles to dust.
You feel strangely unstable.
The wall freezes the vampire but does no damage.
The vampire hits you.
* * * LOW HITPOINT WARNING * * *
The vampire bites you.
* * * LOW HITPOINT WARNING * * *
The vampire draws strength from your injuries!
Unknown command.
Casting: Frozen Ramparts (safe; 1% risk of failure)
Confirm with . or Enter, or press ? or * to list all spells.
Aiming: Freeze (safe; 1% risk of failure)
Press: ? - help, Shift-Dir - straight line, f - vampire
Aim: a vampire (lightly damaged, slightly transparent)
You freeze the vampire.
The vampire resists.
The vampire is moderately damaged.
The vampire resists.
The wall freezes the vampire.
The vampire barely misses you. The vampire bites you!
You die...

#.?###...#..#####..#....###.
####....###.......#####.. ..
#.#########'##### ##.### #.#
#.##......# .# #.##
#.#...##### .# #..## #.#..##
.# ##..###.##.# ##......##.#
#####.@V.# ##..## ####


You could see a vampire (invisible).

Vanquished Creatures
  A two-headed ogre (D:7)
  Joseph (D:7)
  An unseen horror (D:7)
  Maggie (D:6)
  Sigmund (D:6)
  A steam dragon (D:7)
  A water moccasin (D:7)
  A black bear (D:5)
  An orc warrior (D:6)
  An ice beast (D:7)
  2 sky beasts
  An ogre (D:5)
  A phantom (D:5)
  A kobold brigand (D:7)
  2 scorpions (D:5)
  5 jellies
  4 orc priests
  2 hounds
  A gnoll bouda (D:6)
  5 iguanas
  6 orc wizards
  13 mummies (Ossuary)
  6 gnolls
  7 adders
  2 ufetubi (D:5)
  3 dart slugs
  10 orcs
  4 ball pythons
  7 endoplasms
  2 giant cockroaches (D:1)
  9 goblins
  5 hobgoblins
  3 jackals (D:1)
  11 kobolds
  4 quokkas
  8 bats
  A gnoll skeleton (Ossuary)
  4 goblin skeletons (Ossuary)
  2 kobold skeletons (Ossuary)
  An orc skeleton (Ossuary)
  8 rats
  11 rat skeletons (Ossuary)
161 creatures vanquished.

Notes
Turn   | Place    | Note
-------+----------+-------------------------------------------
     0 | D:1      | safid the Merfolk Ice Elementalist began the quest for the
                  | Orb.
     0 | D:1      | Reached XP level 1. HP: 13/13 MP: 3/3
   144 | D:1      | Reached XP level 2. HP: 20/20 MP: 3/5
   223 | D:1      | Reached skill level 1 in Fighting
   499 | D:1      | Reached XP level 3. HP: 25/26 MP: 4/6
   504 | D:1      | Learned a level 3 spell: Frozen Ramparts
  1797 | D:3      | Reached skill level 5 in Ice Magic
  1837 | D:3      | Reached XP level 4. HP: 32/33 MP: 4/8
  1981 | D:3      | Found a snail-covered altar of Cheibriados.
  2560 | D:3      | You fall into a shaft and drop 2 floors!
  2560 | D:5      | Entered Level 5 of the Dungeon
  3172 | D:3      | Found a glowing silver altar of Zin.
  3523 | D:4      | Reached XP level 5. HP: 39/39 MP: 7/9
  3527 | D:4      | Learned a level 3 spell: Ozocubu's Armour
  3840 | D:4      | Found a hazy altar of Hepliaklqana.
  4367 | D:5      | Reached XP level 6. HP: 41/47 MP: 8/11
  4410 | D:5      | Noticed a black bear
  4422 | D:5      | Killed a black bear
  4423 | D:5      | Reached skill level 6 in Ice Magic
  4581 | D:5      | Reached XP level 7. HP: 51/55 MP: 4/13
  4869 | D:5      | Identified the +2 pair of boots of Gestures {Int+3 Dex+3}
  4981 | D:5      | Learned a level 5 spell: Irradiate
  5042 | D:5      | Found a white marble altar of Elyvilon.
  5057 | D:5      | Found a shadowy altar of Dithmenos.
  5275 | D:5      | Reached skill level 1 in Transmutations
  5623 | D:6      | Reached skill level 5 in Fighting
  5623 | D:6      | Reached skill level 1 in Conjurations
  5623 | D:6      | Reached XP level 8. HP: 55/62 MP: 1/15
  5690 | D:6      | Found a sand-covered staircase.
  5722 | Ossuary  | Entered an ossuary
  5840 | Ossuary  | Reached skill level 7 in Ice Magic
  6230 | Ossuary  | Reached skill level 5 in Spellcasting
  6526 | D:6      | Noticed Sigmund
  6535 | D:6      | Killed Sigmund
  6767 | D:6      | Found a glowing golden altar of the Shining One.
  6903 | D:6      | Found a runed translucent door.
  6904 | D:6      | Noticed Crazy Yiuf
  6997 | D:6      | Noticed Maggie
  7012 | D:6      | Killed Maggie
  7013 | D:6      | Reached XP level 9. HP: 48/69 MP: 5/17
  7308 | D:7      | Noticed Joseph
  7320 | D:7      | Killed Joseph
  7516 | D:7      | Reached skill level 5 in Transmutations
  7516 | D:7      | Reached skill level 8 in Ice Magic
  7890 | D:7      | Noticed an unseen horror
  7892 | D:7      | Noticed a two-headed ogre
  7896 | D:7      | Killed an unseen horror
  7897 | D:7      | Killed a two-headed ogre
  7898 | D:7      | Reached XP level 10. HP: 28/79 MP: 2/20
  8241 | D:7      | Slain by a vampire

Illustrated notes

Levels and vault maps discovered:
D:1:      grunt_arrival_crossed_arrows, layout_basic
D:2:      layout_basic, minmay_tetromino_o2
D:3:      layout_basic, mainiacjoe_overflow_24_doors,
          mainiacjoe_overflow_alcove_2, nicolae_concentric_dashed_squares_mild,
          chequers_serial_rivers_micro_d
D:4:      layout_basic, lemuel_round_altar
D:5:      layout_loops_ring, jmf_multi_god_temple, minmay_quadrilaterals
D:6:      layout_cave_pools, mainiacjoe_overflow_six_doors_small,
          nicolae_ossuary_entry_false_entrances, uniq_maggie,
          uniq_crazy_yiuf_cottage, uniq_sigmund
D:7:      minmay_the_grid_plus_closed [minmay_the_grid_dragon_a,
          minmay_the_grid_spikes, minmay_the_grid_fan,
          minmay_the_grid_small_cups, minmay_the_grid_prize_inner_circle],
          layout_basic, minmay_temple_entry_mini_moons, grunt_decor_junction,
          nicolae_elevator_lobby_asterisk, uniq_joseph

Skill      XL: |  1  2  3  4  5  6  7  8  9 |
---------------+----------------------------+-----
Fighting       | 1 2 3 4 5 6 7 |  7.4
Ice Magic      | 5 6 7 8 |  8.8
Spellcasting   | 3 4 5 6 |  6.7
Dodging        | 3 4 |  4.0
Transmutations | 1 4 6 |  6.5
Conjurations   | 1 2 4 |  4.0
Stealth        | |  2.1

Action                     |  1- 3 |  4- 6 |  7- 9 | 10-12 || total
---------------------------+-------+-------+-------+-------++-------
  Melee: Club              |    16 |       |       |       ||    16
         Dagger            |    64 |    83 |   266 |    35 ||   448
         Punch             |       |     1 |     2 |     1 ||     4
   Cast: Freeze            |    34 |    38 |    18 |     3 ||    93
         Frozen Ramparts   |       |     8 |    31 |     2 ||    41
         Ozocubu's Armour  |       |     3 |    20 |     1 ||    24
         Irradiate         |       |       |     1 |       ||     1
    Use: Scroll            |       |       |     9 |     1 ||    10
         Potion            |       |       |       |     2 ||     2
   Stab: Sleeping          |     2 |     5 |     6 |       ||    13
 Armour: Robe              |    36 |    56 |    93 |    24 ||   209
  Dodge: Dodged            |   108 |    74 |   145 |    33 ||   360
